 Dungeon Crawl Stone Soup version 0.27.1-2-g3b301248ec (webtiles) character file.

Game seed: 2367472641622426739

506 Rickety the Magician (level 6, 0/32 HPs)
             Began as a Deep Elf Venom Mage on Sept 22, 2021.
             Succumbed to a scorpion's poison
             ... on level 4 of the Dungeon.
             The game lasted 00:13:31 (5777 turns).

Rickety the Magician (Deep Elf Venom Mage)          Turns: 5777, Time: 00:13:31

Health: 0/32       AC:  3    Str:  5    XL:     6   Next: 97%
Magic:  4/16       EV: 12    Int: 22    God:
Gold:   139        SH:  0    Dex: 15    Spells: 10/16 levels left

rFire    . . .     SeeInvis .   j - staff of earth
rCold    . . .     Faith    .   (no shield)
rNeg     . . .     Spirit   .   a - +0 robe
rPois    .         Reflect  .   (no helmet)
rElec    .         Harm     .   (no cloak)
rCorr    .         Rampage  .   d - +0 pair of gloves
Will     .....                  (no boots)
Stlth    ++........             (no amulet)
HPRegen  0.10/turn              (no ring)
MPRegen  0.15/turn              (no ring)

@: lethally poisoned (0 -> -2), flying
A: no striking features
a: no special abilities


You were on level 4 of the Dungeon.
You visited 1 branch of the dungeon, and saw 4 of its levels.

You collected 139 gold pieces.

Inventory:

Armour
 a - a +0 robe (worn)
 d - a +0 pair of gloves (worn)
Magical Staves
 j - a staff of earth (weapon)
Scrolls
 c - a scroll of silence {unknown}
 e - a scroll of teleportation {unknown}
 h - a scroll of blinking {unknown}
 k - a scroll of fear {unknown}
 l - a scroll of noise {unknown}
 m - a scroll of magic mapping {unknown}
Potions
 f - a potion of invisibility {unknown}
 g - a potion of mutation {unknown}
 i - a potion of degeneration {unknown}


   Skills:
 + Level 2.4 Dodging
 * Level 3.3 Stealth
 * Level 5.8 Spellcasting
 * Level 1.2 Conjurations
 - Level 2.0 Transmutations
 - Level 2.0 Air Magic
 * Level 1.8 Earth Magic
 * Level 5.7 Poison Magic
 * Level 1.2 Evocations


You had 10 spell levels left.
You knew the following spells:

 Your Spells              Type           Power      Damage    Failure   Level
a - Sting                 Tmut/Pois      92%        1d7       1%          1
m - Mephitic Cloud        Conj/Pois/Air  19%        N/A       9%          3
v - Poisonous Vapours     Pois/Air       46%        N/A       2%          2

Your spell library contained the following spells:

 Spells                   Type           Power      Damage    Failure   Level
 Olgreb's Toxic Radiance  Pois           31%        N/A       9%          4


Dungeon Overview and Level Annotations

Branches:
Dungeon (4/15)
 Temple: D:4-7

Altars:

Shops:
D:3 (


Message History

Poisonous vapours surround the kobold!
The kobold is poisoned.
* * * LOW HITPOINT WARNING * * *
You feel sick.
You kill the scorpion!
Unknown command.
Casting: Poisonous Vapours (safe; 2% risk of failure)
Confirm with . or Enter, or press ? or * to list all spells.
Aiming: Poisonous Vapours (safe; 2% risk of failure)
Press: ? - help, Dir - move target, f/p - kobold
Aim: a kobold, wielding a +0 club and quivering poisoned darts (heavily wounded, very poisoned) Poisonous vapours surround the kobold!
The kobold looks even sicker.
* * * LOW HITPOINT WARNING * * *
You feel sick.
You hit the kobold.
You kill the kobold!
* * * LOW HITPOINT WARNING * * *
You feel sick.
Unknown command.
Casting: Poisonous Vapours (safe; 2% risk of failure)
Confirm with . or Enter, or press ? or * to list all spells.
Aiming: Poisonous Vapours (safe; 2% risk of failure)
Press: ? - help, Dir - move target, f - giant cockroach
Aim: a giant cockroach Poisonous vapours surround the giant cockroach!
The giant cockroach is poisoned.
* * * LOW HITPOINT WARNING * * *
You feel sick.
You kill the giant cockroach!
Unknown command.
* * * LOW HITPOINT WARNING * * *
You feel sick.
* * * LOW HITPOINT WARNING * * *
You feel sick.
* * * LOW HITPOINT WARNING * * *
You feel sick.
Okay, then.
It was a potion of flight.
You feel very buoyant.
You fly up into the air.
You die...

... ##'## ##...##
##..>..##
##.......######
###..............
..'....<.........
###..........##
##.....@)#.#
##.....## ##...##
....## #.###.# #
#.# #.# ...


There were no monsters in sight!

Vanquished Creatures
  Duvessa (D:4)
  An ogre (D:4)
  2 scorpions (D:4)
  Dowan (D:4)
  2 orc wizards (D:3)
  A hound skeleton (D:4)
  3 adders
  2 worms (D:2)
  A dart slug (D:2)
  2 orcs (D:3)
  5 endoplasms
  A giant cockroach (D:4)
  6 hobgoblins
  10 jackals
  7 ball pythons
  4 bats
  A frilled lizard (D:1)
  8 kobolds
  2 rats
60 creatures vanquished.

Notes
Turn   | Place    | Note
-------+----------+-------------------------------------------
     0 | D:1      | Rickety the Deep Elf Venom Mage began the quest for the
                  | Orb.
     0 | D:1      | Reached XP level 1. HP: 10/10 MP: 6/6
   237 | D:1      | Found a faded altar of an unknown god.
   697 | D:1      | Reached XP level 2. HP: 15/15 MP: 6/8
   700 | D:1      | Learned a level 2 spell: Poisonous Vapours
  1832 | D:2      | Reached XP level 3. HP: 14/19 MP: 0/10
  2105 | D:2      | Learned a level 3 spell: Mephitic Cloud
  3343 | D:3      | Reached XP level 4. HP: 20/24 MP: 3/12
  3423 | D:3      | Reached skill level 1 in Air Magic
  3915 | D:3      | Found Erphafoob's Weapon Shoppe.
  4366 | D:4      | Noticed a scorpion
  4485 | D:4      | Noticed Duvessa
  4517 | D:4      | Killed Duvessa
  4518 | D:4      | Reached XP level 5. HP: 15/28 MP: 9/14
  4661 | D:4      | Reached skill level 5 in Spellcasting
  4674 | D:4      | Noticed Dowan
  4688 | D:4      | Killed Dowan
  4689 | D:4      | Reached skill level 5 in Poison Magic
  4689 | D:4      | Reached XP level 6. HP: 32/32 MP: 3/15
  5070 | D:4      | Reached skill level 1 in Conjurations
  5070 | D:4      | Reached skill level 1 in Earth Magic
  5070 | D:4      | Reached skill level 1 in Evocations
  5776 | D:4      | HP: 1/32 [poisoned by a scorpion]
  5777 | D:4      | Succumbed to a scorpion's poison

Illustrated notes

Levels and vault maps discovered:
D:1:      ncdulo_watergridlock, layout_loops_corners,
          shapermc_ecumenical_altar_notcrosses, minmay_misc_feat_x
D:2:      layout_basic, hangedman_decor_push
D:3:      layout_loops_ring, serial_shops, shop, serial_park_tiny_pond,
          chequers_avenue
D:4:      cheibrodos_quashed, layout_loops_corners,
          nicolae_tso_besieged_by_evil, uniq_duvessa

Skill      XL: |  1  2  3  4  5  6 |
---------------+-------------------+-----
Spellcasting   | 4 5 |  5.8
Poison Magic   | 4 5 |  5.7
Air Magic      | 2 |  2.0
Transmutations | 2 |  2.0
Stealth        | 3 |  3.3
Conjurations   | 1 |  1.2
Earth Magic    | 1 |  1.8
Evocations     | 1 |  1.2
Dodging        | |  2.4

Action                   |  1- 3 |  4- 6 || total
-------------------------+-------+-------++-------
Melee: Unarmed           |     3 |       ||     3
       Staff             |       |    11 ||    11
 Cast: Sting             |    51 |    28 ||    79
       Poisonous Vapours |    47 |    46 ||    93
       Mephitic Cloud    |       |     5 ||     5
  Use: Potion            |       |     1 ||     1
Armor: Robe              |     9 |     9 ||    18
Dodge: Dodged            |    15 |    26 ||    41
